 Dungeon Crawl Stone Soup version 0.28.0-53-g5a82cb258f (webtiles) character file.

Game seed: 1314350441430116464

33 ILmort the Skirmisher (level 3, -2/24 HPs)
             Began as a Gargoyle Fighter on Aug 20, 2022.
             Slain by Terence
             ... wielding a +0 flail
              (3 damage)
             ... on level 2 of the Dungeon.
             The game lasted 00:02:11 (1350 turns).

ILmort the Skirmisher (Gargoyle Fighter)            Turns: 1350, Time: 00:02:12

Health: -2/24      AC: 10    Str: 21    XL:     3   Next: 29%
Magic:  3/3        EV:  9    Int:  8    God:
Gold:   78         SH:  4    Dex:  9    Spells: 2/2 levels left

rFire   . . .      SeeInvis .   a - +0 flail
rCold   . . .      Faith    .   c - +0 buckler
rNeg    + . .      Spirit   .   b - +0 scale mail
rPois   ∞          Reflect  .   (no helmet)
rElec   +          Harm     .   (no cloak)
rCorr   .          Rampage  .   (no gloves)
Will    .....                   (no boots)
Stlth   ..........              (no amulet)
HPRegen 0.08/turn               (no ring)
MPRegen 0.08/turn               (no ring)

@: mighty
A: sickness immunity, AC +3, negative energy resistance 1, electricity
resistance, torment resistance 1, petrification resistance
a: no special abilities


You were on level 2 of the Dungeon.
You visited 1 branch of the dungeon, and saw 2 of its levels.

You collected 78 gold pieces.

Inventory:

Hand Weapons
 a - a +0 flail (weapon)
Armour
 b - a +0 scale mail (worn)
 c - a +0 buckler (worn)
Jewellery
 g - a ring of ice
Potions
 e - a potion of lignification {unknown}
 f - a potion of brilliance {unknown}


   Skills:
 + Level 3.7 Fighting
 * Level 3.2 Maces & Flails
 - Level 3.2 Armour
 - Level 3.2 Shields


You had 2 spell levels left.
You didn't know any spells.
Your spell library contained the following spells:

 Spells                   Type           Power      Damage    Failure   Level
 Dazzling Flash           Conj/Hex       0%         N/A       99%         3
 Iskenderun's Mystic Bla  Conj/Tloc      0%         2d3       100%        4
 Starburst                Conj/Fire      0%         6d3       100%        6


Dungeon Overview and Level Annotations

Branches:
Dungeon (2/15)

Altars:

Annotations:
D:2 Terence


Innate Abilities, Weirdness & Mutations

You are immune to sickness and miasma.
Your stone body is resilient. (AC +3)
You are immune to poison.
You resist negative energy. (rN+)
You are resistant to electric shocks. (rElec)
You are resistant to unholy torment.
You are immune to petrification.


Message History

The jackal bites you but does no damage.
The jackal bites you.
You barely miss the jackal.
The jackal bites you but does no damage.
You block the jackal's attack.
You hit the jackal.
You kill the jackal!
No target in view!
You start resting.
You climb downwards.
Level annotation: Terence Terence hits you with a +0 flail.
The jackal bites you but does no damage.
Terence hits you with a +0 flail.
There is a stone staircase leading up here.
You hit Terence. The jackal closely misses you. Terence barely misses you.
The jackal closely misses you.
You hit Terence. You block the jackal's attack. Terence barely misses you.
The jackal closely misses you.
You hit Terence but do no damage. The jackal closely misses you.
Terence closely misses you.
The jackal bites you but does no damage.
Terence barely misses you.
You miss the jackal.
The jackal bites you but does no damage.
Terence barely misses you.
You hit the jackal.
You kill the jackal!
Terence hits you with a +0 flail.
You closely miss Terence. Terence hits you with a +0 flail!
You sock Terence! Terence hits you but does no damage.
Terence hits you with a +0 flail!
* * * LOW HITPOINT WARNING * * *
You barely miss Terence. Terence hits you with a +0 flail.
* * * LOW HITPOINT WARNING * * *
You feel very mighty all of a sudden. You block Terence's attack.
You barely miss Terence. Terence hits you but does no damage.
You closely miss Terence. Terence hits you with a +0 flail.
You die...

#.......).....#
#.............#
###.............#
#...............#
#............#..+
#......#####.#.##
##.....# .# #
#..@...# .#
#.@....# #.†....#
##......#
......##.#
###.### +# ###


You could see Terence.

Vanquished Creatures
  A dart slug (D:1)
  3 bats (D:1)
  An endoplasm (D:1)
  3 giant cockroaches (D:1)
  A goblin (D:1)
  2 hobgoblins (D:1)
  7 jackals
  2 quokkas (D:1)
  2 ball pythons (D:1)
  3 kobolds
  A rat (D:1)
26 creatures vanquished.

Notes
Turn   | Place    | Note
-------+----------+-------------------------------------------
     0 | D:1      | ILmort the Gargoyle Fighter began the quest for the Orb.
     0 | D:1      | Reached XP level 1. HP: 14/14 MP: 1/1
    89 | D:1      | Reached XP level 2. HP: 16/19 MP: 2/2
   794 | D:1      | Reached XP level 3. HP: 20/24 MP: 3/3
  1286 | D:2      | Noticed Terence
  1346 | D:2      | HP: 1/24 [Terence/+0 flail (7)]
  1350 | D:2      | Slain by Terence

Illustrated notes

Levels and vault maps discovered:
D:1:      nagdon_arrival_zigzag_paths, layout_basic,
          chequers_serial_rivers_micro_c, hangedman_abyss_or_decor_stabs,
          st_stairs_13, minmay_tromino_i2
D:2:      layout_basic, basic_altar, hellmonk_ecumenical_altar_run_dry,
          palyth_stone_intersect, kennysheep_potato, uniq_terence

Skill      XL: |  1  2 |
---------------+-------+-----
Maces & Flails | 3 |  3.2
Fighting       | |  3.7
Armour         | |  3.2
Shields        | |  3.2

Action                   || total
-------------------------++-------
Melee: Flail             ||   105
  Use: Potion            ||     1
Armor: Scale mail        ||   111
Dodge: Dodged            ||    85
Block: Buckler           ||    37
